 Dungeon Crawl Stone Soup version 0.26.1-11-gd32895ea62 (webtiles) character file.

Game seed: 7179448167054669602

216 Zeld the Cutter (level 5, -8/34 HPs)
             Began as an Octopode Brigand on May 13, 2021.
             Killed by nerve-wracking pain
             ... invoked by Grinder
              (11 damage)
             ... on level 3 of the Dungeon.
             The game lasted 00:03:53 (3944 turns).

Zeld the Cutter (Octopode Brigand)                  Turns: 3944, Time: 00:03:54

Health: -8/34      AC:  1    Str: 11    XL:     5   Next: 93%
Magic:  5/5        EV: 13    Int: 13    God:
Gold:   76         SH:  0    Dex: 14    Spells: 4/4 levels left

rFire    . . .     SeeInvis .   a - +2 dagger
rCold    . . .     Faith    .   (no shield)
rNeg     . . .     Spirit   .   (helmet restricted)
rPois    .         Reflect  .   (no amulet)
rElec    .         Harm     .   (no ring)
rCorr    .         Rampage  .   (no ring)
Will     .....                  (no ring)
Stlth    ++++......             (no ring)
HPRegen  0.11/turn              (no ring)
MPRegen  0.09/turn              (no ring)
                                (no ring)
                                (no ring)

@: no status effects
A: almost no armour, stealthy swim, amphibious, 8 rings, constrict 8, camouflage
1, gelatinous body 1
a: no special abilities


You were on level 3 of the Dungeon.
You visited 1 branch of the dungeon, and saw 3 of its levels.

You collected 76 gold pieces.

Inventory:

Hand Weapons
 a - a +2 dagger (weapon)
Missiles
 b - 8 poisoned darts (quivered)
 c - 2 curare-tipped darts
Scrolls
 d - 3 scrolls of fog {unknown}
 e - a scroll of fear {unknown}
 g - a scroll of teleportation {unknown}
 i - 5 scrolls of identify {unknown}
 k - a scroll of remove curse {unknown}
Potions
 f - 3 potions of haste {unknown}
 h - a potion of flight {unknown}
 j - a potion of lignification {unknown}
 l - a potion of ambrosia {unknown}
 m - a potion of degeneration {unknown}
 n - a potion of resistance {unknown}


   Skills:
 - Level 2.0 Fighting
 * Level 6.0 Short Blades
 - Level 2.0 Throwing
 - Level 1.0 Dodging
 - Level 5.3 Stealth


You had 4 spell levels left.
You didn't know any spells.
Your spell library was empty.

Dungeon Overview and Level Annotations

Branches:
Dungeon (3/15)

Altars:
Elyvilon

Annotations:
D:3 Grinder


Innate Abilities, Weirdness & Mutations

You cannot wear most types of armour.
You are very stealthy in the water. (Stealth+)
You are amphibious.
You can wear up to eight rings at the same time.
You can use your tentacles to constrict eight enemies at once.
Your skin changes colour to match your surroundings (Stealth+).
Your rubbery body absorbs attacks. (AC +1, EV +1)


Message History

Grinder is moderately wounded.
You constrict Grinder. Grinder gestures at you.
You suddenly lose the ability to move!
You lose your grip on Grinder.
Grinder hits you!
You writhe in agony.
Grinder completely misses you. Grinder hits you!
You writhe in agony.
Grinder hits you.
You writhe in agony.
* * * LOW HITPOINT WARNING * * *
Grinder gestures at you. You resist with significant effort.
You can move again.
Grinder grins, showing sharp teeth.
Grinder gestures at you. Pain shoots through your body!
* * * LOW HITPOINT WARNING * * *
There is an open door here.
Grinder gestures at you. Pain shoots through your body!
You die...

#.....##........# #.......# #.
+.....##.......######.#####.####
#...).##'###.#.#....#.## #.#...
#............#.#.##.#..# #.#.##
#.........####.#.#..##.# #.#.#
#................#.#.#.## #.#.##
####.#...<.###.#...#....# #.#...
#.#....######'.......# #.###.
......).#≈...@#######.# #.....
##.######≈....#.......# ######
#.######≈....#...##### .. #
#....#≈≈≈≈≈#. .. #.5###### ..
#......#.# .. .....#.#.# #...
..#.# #.. .#.#..


You could see Grinder.

Vanquished Creatures
  A bullfrog (D:2)
  An orc priest (D:2)
  An orc wizard (D:3)
  An adder (D:2)
  An ooze (D:1)
  4 worms (D:2)
  6 dart slugs
  2 leopard geckos (D:1)
  6 orcs
  A ball python (D:2)
  A giant cockroach (D:2)
  5 goblins
  7 hobgoblins
  6 bats
  5 frilled lizards
  5 kobolds
  10 rats
63 creatures vanquished.

Vanquished Creatures (others)
  8 plants
8 creatures vanquished.

Grand Total: 71 creatures vanquished

Notes
Turn   | Place    | Note
-------+----------+-------------------------------------------
     0 | D:1      | Zeld the Octopode Brigand began the quest for the Orb.
     0 | D:1      | Reached XP level 1. HP: 14/14 MP: 1/1
   162 | D:1      | Reached XP level 2. HP: 19/19 MP: 2/2
   444 | D:1      | Reached skill level 3 in Short Blades
   814 | D:1      | Reached XP level 3. HP: 19/24 MP: 3/3
  1552 | D:2      | Reached skill level 4 in Short Blades
  1556 | D:2      | Found a white marble altar of Elyvilon.
  1734 | D:2      | Reached XP level 4. HP: 29/29 MP: 4/4
  2505 | D:3      | Noticed a bullfrog
  2512 | D:2      | Reached skill level 5 in Short Blades
  2512 | D:2      | Reached XP level 5. HP: 8/34 MP: 5/5
  3160 | D:3      | Noticed Grinder
  3432 | D:2      | Reached skill level 6 in Short Blades
  3933 | D:3      | Paralysed by Grinder for 5 turns
  3944 | D:3      | Killed from afar by Grinder

Illustrated notes

Levels and vault maps discovered:
D:1:      kennysheep_arrival_seaside, layout_basic
D:2:      layout_basic, elyvilon_altar_3
D:3:      layout_basic, serial_rivers, chequers_serial_rivers_marsh,
          chequers_serial_rivers_small_3, chequers_serial_rivers_micro_e,
          chequers_serial_rivers_room_a, chequers_serial_rivers_room_b,
          serial_bayou_lake_a, uniq_grinder

Skill      XL: |  1  2  3  4  5 |
---------------+----------------+-----
Short Blades   | 3 4 5 6 |  6.0
Fighting       | |  2.0
Throwing       | |  2.0
Dodging        | |  1.0
Stealth        | |  5.3

Action                   |  1- 3 |  4- 6 || total
-------------------------+-------+-------++-------
Melee: Dagger            |    68 |    63 ||   131
       Constrict         |    15 |    19 ||    34
       Tentacles         |    14 |    13 ||    27
 Stab: Sleeping          |    11 |     6 ||    17
Armor: Skin              |       |     8 ||     8
Dodge: Dodged            |    26 |    34 ||    60
